 Dungeon Crawl Stone Soup version 0.22-a0-467-g5c5de1c (webtiles) character file.

144 gruber the Cutter (level 5, -6/32 HPs)
             Began as a Kobold Berserker on June 10, 2018.
             Was a Believer of Trog.
             Shot with an arrow by a centaur (12 damage)
             ... on level 4 of the Dungeon.
             The game lasted 00:05:48 (3112 turns).

gruber the Cutter (Kobold Berserker)                Turns: 3112, Time: 00:05:49

Health: -6/32      AC:  2    Str: 14    XL:     5   Next: 51%
Magic:  14/14      EV: 16    Int:  8    God:    Trog [**....]
Gold:   126        SH:  0    Dex: 16    Spells: 4/4 levels left

rFire    . . .     SeeInvis .   a - +0 short sword
rCold    . . .     Gourm    .   (shield restricted)
rNeg     . . .     Faith    .   b - +0 animal skin
rPois    .         Spirit   .   (no helmet)
rElec    .         Reflect  .   (no cloak)
rCorr    .         Harm     .   (no gloves)
MR       .....                  (no boots)
Stlth    ++........             k - amulet of magic regeneration
HPRegen  0.10/turn              y - ring of magical power
MPRegen  0.39/turn              (no ring)

@: no status effects
A: small, carnivore
a: Berserk, Trog's Hand, Renounce Religion


You were on level 4 of the Dungeon.
You worshipped Trog.
Trog was pleased with you.
You were not hungry.

You visited 1 branch of the dungeon, and saw 4 of its levels.

You collected 126 gold pieces.

Inventory:

Hand Weapons
 a - a +0 short sword (weapon)
 w - a +0 hand axe of venom
Missiles
 l - 82 stones (quivered)
Armour
 b - a +0 animal skin (worn)
 x - a +0 buckler
Jewellery
 k - an amulet of magic regeneration (around neck)
 y - a ring of magical power (left hand)
Wands
 p - a wand of paralysis (19)
Scrolls
 d - 2 scrolls of enchant weapon {unknown}
 h - a scroll of remove curse {unknown}
 i - 3 scrolls of magic mapping {unknown}
 j - 6 scrolls of identify {unknown}
 m - a scroll of fog {unknown}
 t - a scroll of teleportation {unknown}
 u - a scroll of noise {unknown}
 v - a scroll of blinking {unknown}
Potions
 e - 2 potions of might {unknown}
 f - 5 potions of haste {unknown}
 g - 2 potions of ambrosia {unknown}
 n - 3 potions of curing {unknown}
 o - 2 potions of heal wounds {unknown}
 q - a potion of agility {unknown}
 r - a potion of cancellation {unknown}
 s - a potion of lignification {unknown}
Comestibles
 c - 10 rations


   Skills:
 - Level 3.2 Fighting
 * Level 6.6 Short Blades
 - Level 1.5 Armour
 + Level 3.1 Dodging
 * Level 3.0 Stealth


You had 4 spell levels left.
You didn't know any spells.
Your spell library was empty.

Dungeon Overview and Level Annotations

Branches:
Dungeon (4/15)
 Temple: D:4-7

Altars:
Cheibriados
Fedhas
Gozag

Shops:
D:4 [

Annotations:
D:4 Grinder


Innate Abilities, Weirdness & Mutations

You are small and have problems with some larger weapons.
You are carnivorous and can eat meat at any time.


Message History

The arrow completely misses you.
The iguana bites the bush but does no damage.
You hit the bush but do no damage.
The bush is almost destroyed.
The centaur shoots an arrow.
The arrow hits you!
The iguana bites the bush but does no damage.
You hit the bush but do no damage.
The bush is almost destroyed.
The centaur shoots an arrow.
The arrow hits you!
* * * LOW HITPOINT WARNING * * *
The iguana bites the bush.
You hit the bush but do no damage.
The bush is almost destroyed.
The centaur shoots an arrow.
The arrow hits you.
* * * LOW HITPOINT WARNING * * *
The iguana bites the bush.
The centaur shoots an arrow.
The arrow completely misses you.
The iguana bites the bush but does no damage.
The centaur shoots an arrow.
The arrow hits you!
You die...

. .............. ...
.............. #..#
...c.......#.. #..#
#............
##..#######c...........
##.......PPPl.........#
#.........(PP.......#
...###.#.PP_PP.#....#
##@.P.PPP...#..#
##(PPPP...##..#
##.......###..#
#..###.### #..# ##..#
#.# ##..# #...#
#.####...##
##....##.........##
.........(........##
............####...#


You could see a centaur and an iguana.

Vanquished Creatures
  A hound (D:4)
  3 adders
  4 worms (D:2)
  3 dart slugs
  2 leopard geckos
  An orc (D:3)
  3 bats
  4 giant cockroaches
  6 goblins
  12 hobgoblins
  2 jackals (D:4)
  2 quokkas
  6 frilled lizards
  7 kobolds
  10 rats
66 creatures vanquished.

Vanquished Creatures (others)
  4 toadstools (D:1)
4 creatures vanquished.

Grand Total: 70 creatures vanquished

Notes
Turn   | Place    | Note
-------+----------+-------------------------------------------
     0 | D:1      | gruber the Kobold Berserker began the quest for the Orb.
     0 | D:1      | Reached XP level 1. HP: 14/14 MP: 1/1
   306 | D:1      | Reached XP level 2. HP: 19/19 MP: 2/2
   315 | D:1      | Reached skill level 1 in Stealth
   734 | D:1      | Reached skill level 5 in Short Blades
   734 | D:1      | Reached XP level 3. HP: 23/23 MP: 3/3
   923 | D:1      | Reached ** piety under Trog
  1558 | D:2      | Reached XP level 4. HP: 18/28 MP: 4/4
  2263 | D:3      | Reached skill level 6 in Short Blades
  2491 | D:3      | Found an opulent altar of Gozag.
  2493 | D:3      | Found a snail-covered altar of Cheibriados.
  2646 | D:3      | Reached XP level 5. HP: 32/32 MP: 5/5
  2786 | D:4      | Noticed Grinder
  2988 | D:4      | Found Mocvudet's Armour Boutique.
  3049 | D:4      | Found a blossoming altar of Fedhas.
  3105 | D:4      | Noticed a centaur
  3112 | D:4      | Shot with an arrow by a centaur

Vault maps used:
D:1:      ldierk_walled_garden_2
D:3:      grunt_temple_overflow_open, first_ration
D:4:      zin_statuary, serial_shops, shop, fedhas_bush_and_centaur_altar,
          uniq_grinder

Skill      XL: |  1  2  3  4  5 |
---------------+----------------+-----
Stealth        | 1 2 3 |  3.0
Short Blades   | 5 6 |  6.6
Dodging        | 3 |  3.1
Fighting       | |  3.2
Armour         | |  1.5

Action                   |  1- 3 |  4- 6 || total
-------------------------+-------+-------++-------
Melee: Short sword       |   121 |   163 ||   284
Invok: Berserk           |     2 |     2 ||     4
       Trog's Hand       |       |     2 ||     2
 Stab: Sleeping          |     6 |     3 ||     9
  Eat: Chunk             |     6 |     7 ||    13
Armor: Animal skin       |    15 |     9 ||    24
Dodge: Dodged            |    67 |    65 ||   132

Table legend:
 A = Spawn XP
 B = Non-spawn XP
 C = Spawn XP percentage of total XP
 D = Spawn monster count
 E = Non-spawn monster count
 F = Spawn count percentage of total count
 G = Total turns spent on level
                    A         B        C        D         E        F      G
               +---------+---------+-------+---------+---------+-------+---------
         Total |       0 |     206 |   0.0 |       0 |      66 |   0.0 |  3112
               +---------+---------+-------+---------+---------+-------+---------
           D:1 |       0 |      46 |   0.0 |       0 |      28 |   0.0 |  1365
           D:2 |       0 |      59 |   0.0 |       0 |      18 |   0.0 |   774
           D:3 |       0 |      38 |   0.0 |       0 |      14 |   0.0 |   666
           D:4 |       0 |      63 |   0.0 |       0 |       6 |   0.0 |   307
               +---------+---------+-------+---------+---------+-------+---------
